 Dungeon Crawl Stone Soup version 0.31-a0-1057-g70f3316b05 (webtiles) character file.

Game seed: 6602451605442711323

242 Revguard the Trooper (level 6, -1/52 HPs)
             Began as a Ghoul Gladiator on Nov 20, 2023.
             Slain by an orc
             ... wielding a +0 short sword
              (2 damage)
             ... on level 3 of the Dungeon.
             The game lasted 00:06:54 (2154 turns).

Revguard the Trooper (Ghoul Gladiator)              Turns: 2154, Time: 00:06:54

Health: -1/52      AC:  6    Str: 20    XL:     6   Next: 9%
Magic:  6/6        EV: 11    Int:  3    God:
Gold:   167        SH:  0    Dex: 10    Spells: 5/5 levels left

rFire   . . .        a - +0 war axe
rCold   + . .        (no shield)
rNeg    + + +        j - +0 ring mail
rPois   ∞            c - +0 helmet
rElec   .            (no cloak)
rCorr   .            (no gloves)
SInv    .            (no boots)
Will    +....        (no amulet) Stlth
                     (no ring)
HPRegen 0.00/turn    (no ring)
MPRegen 0.10/turn

%: no passive effects
@: enlightened, flying, inhibited regen, hasted, very quick
A: claws 1, cold resistance 1, negative energy resistance 3, inhibited
regeneration, torment resistance 2, devour on kill
a: no special abilities


You were on level 3 of the Dungeon.
You visited 1 branch of the dungeon, and saw 4 of its levels.

You collected 167 gold pieces.

Inventory:

Hand Weapons
 a - a +0 war axe (weapon)
Missiles
 d - 2 throwing nets (quivered)
 e - a javelin
Armour
 c - a +0 helmet (worn)
 j - a +0 ring mail (worn)
Jewellery
 m - a ring of ice
 p - the amulet "Sairiet" {Acrobat *Slow Fragile rC+ Str+9}
   (You took it off a goblin on level 2 of the Dungeon)

   [amulet of the acrobat]

   Acrobat:   It increases your evasion while moving and waiting.
   Str+9:     It affects your strength (+9).
   rC+:       It protects you from cold.
   *Slow:     It may slow you when you take damage.
   Fragile:   It will be destroyed if unequipped.
Scrolls
 g - 2 scrolls of teleportation
 i - a scroll of identify
 k - 2 scrolls of immolation
Potions
 b - a potion of lignification
 f - a potion of enlightenment


   Skills:
 * Level 3.8 Fighting
 + Level 3.3 Axes
 - Level 1.7 Throwing
 * Level 2.3 Armour
 + Level 3.3 Dodging
 + Level 1.9 Invocations
 + Level 1.3 Evocations


You had 5 spell levels left.
You didn't know any spells.
Your spell library contained the following spells:

 Spells                   Type           Power      Damage    Failure   Level
 Scorch                   Fire           0%         2d5       83%         2
 Flame Wave               Conj/Fire      0%         2d4       100%        4
 Summon Cactus Giant      Summ           0%         N/A       100%        6


Dungeon Overview and Level Annotations

Branches:
Dungeon (4/15)
 Temple: D:4-7

Altars:

Shops:
D:2 ?(


Innate Abilities, Weirdness & Mutations

You are immune to poison.
You have sharp fingernails.
Your flesh is cold resistant. (rC+)
You are immune to negative energy. (rN+++)
You do not regenerate when monsters are visible.
You are immune to unholy pain and torment.
You thrive by killing the living.


Message History

TET's ghost closely misses you.
You hit TET's ghost.
TET's ghost is moderately damaged.
TET's ghost barely misses you.
You hit TET's ghost but do no damage.
TET's ghost is moderately damaged.
TET's ghost closely misses you. TET's ghost hits you!
You hit TET's ghost.
TET's ghost is moderately damaged.
TET's ghost hits you but does no damage.
You slash TET's ghost!
TET's ghost is severely damaged.
TET's ghost hits you but does no damage.
You slash TET's ghost!
TET's ghost is almost destroyed.
TET's ghost hits you. TET's ghost hits you!
* * * LOW HITPOINT WARNING * * *
You hit TET's ghost but do no damage.
TET's ghost is almost destroyed.
TET's ghost closely misses you.
It was a potion of enlightenment.
You feel very buoyant.
You fly up into the air.
TET's ghost barely misses you.
It was a potion of curing.
You feel better. TET's ghost hits you.
* * * LOW HITPOINT WARNING * * *
It was a potion of haste.
You feel yourself speed up.
TET's ghost screams, "Zot is a myth, the ORB is a fable, you'll soon be a tale!"
TET's ghost hits you.
* * * LOW HITPOINT WARNING * * *
You slash TET's ghost!
You destroy TET's ghost!
You have reached level 6!
You hit the orc.
The orc is severely wounded.
The orc hits you with a +0 short sword.
* * * LOW HITPOINT WARNING * * *
You barely miss the orc. You claw the orc, but do no damage.
The orc is severely wounded.
The orc hits you with a +0 short sword.
You die...

#...................##..
#######8.#.####..........##..
8.....#..#†## #..........##..
..##..#..#..###..............
..8#..#..##..##..........##..
..##..#..###.##......<.......
....#.#.o# #.####...##..#....
[...#.'oW###.##....###.##....
_.8.#.'.oo.#@##....##..##....
[...#o'.o#.#o#........#######
....#.#..#.oo.........#
..##.o#..#.##..##.....# #
..8#..#.....#.###.....# #
..##..#....(#.###<....# ####
8.....#.....#..####.### #...
#######8....#..# #...## #.##
#..........######..###.#


You could see 3 orcs.

Vanquished Creatures
  The ghost of TET the Shield-Bearer, an amateur GrFi (D:3)
  An orc priest (D:3)
  A sleepcap (D:3)
  Jessica (D:2)
  An adder (D:2)
  A worm (D:2)
  2 dart slugs
  8 orcs (D:3)
  A bat (D:1)
  5 endoplasms
  4 giant cockroaches
  5 goblins
  3 hobgoblins (D:1)
  6 jackals
  5 quokkas
  A ball python (D:1)
  2 frilled lizards
  5 kobolds
  6 rats
59 creatures vanquished.

Notes
Turn   | Place    | Note
-------+----------+-------------------------------------------
     0 | D:1      | Revguard the Ghoul Gladiator began the quest for the Orb.
     0 | D:1      | Reached XP level 1. HP: 17/17 MP: 0/0
    49 | D:1      | Reached XP level 2. HP: 5/25 MP: 1/1
   358 | D:1      | Found a faded altar of an unknown god.
   381 | D:1      | Reached skill level 1 in Armour
   381 | D:1      | Reached XP level 3. HP: 25/30 MP: 2/2
   838 | D:2      | Noticed Jessica
   844 | D:2      | Reached skill level 1 in Invocations
   847 | D:2      | Killed Jessica
   848 | D:2      | Reached XP level 4. HP: 34/38 MP: 3/3
  1051 | D:2      | Found Feopn's Antique Weapon Shop.
  1177 | D:2      | Found Buarajoy's Magic Scroll Shoppe.
  1276 | D:2      | Identified the amulet "Sairiet" {Acrobat *Slow Fragile rC+
                  | Str+9}
  1285 | D:2      | You fall into a shaft and drop 2 floors!
  1352 | D:4      | Noticed a scorpion
  1676 | D:3      | Reached skill level 1 in Evocations
  1676 | D:3      | Reached XP level 5. HP: 23/45 MP: 3/5
  2074 | D:3      | Found a runed translucent gate.
  2074 | D:3      | Noticed TET's ghost (amateur GrFi)
  2075 | D:3      | Found a runed translucent gate.
  2076 | D:3      | Found a runed translucent gate.
  2077 | D:3      | Identified the +8 short sword "Gusuogh" {heavy, Dex+5}
  2077 | D:3      | Identified the +0 chain mail of the Evil One {rElec rF-
                  | Str+3 Int+3}
  2152 | D:3      | Killed TET's ghost
  2153 | D:3      | Reached XP level 6. HP: 5/52 MP: 6/6
  2153 | D:3      | HP: 1/52 [orc/+0 short sword (4)]
  2154 | D:3      | Slain by an orc

Illustrated notes

Levels and vault maps discovered:
D:1:      dpeg_arrival_water_temple_mockup, layout_loops_ring,
          hellmonk_ecumenical_altar_blasted, nicolae_kite_square_tiling_tiny
D:2:      layout_basic, serial_aquarium, aquarium_bridge_island_small
          [aquarium_subvault_small_open, aquarium_subvault_bridge,
          aquarium_subvault_window, aquarium_subvault_bridge,
          aquarium_subvault_bridge], aquarium_bridge_straight
          [aquarium_subvault_bridge, aquarium_subvault_wall,
          aquarium_subvault_bridge, aquarium_subvault_window],
          aquarium_window_1, aquarium_window_corridor_3, aquarium_view_2a,
          aquarium_pool_corner, serial_shops, nicolae_shop_behind_doors, shop,
          uniq_jessica
D:3:      layout_rooms, biasface_ghost_orc_armoury
D:4:      layout_gridville, temple_hall, uniq_natasha, uniq_menkaure

Skill      XL: |  1  2  3  4  5 |
---------------+----------------+-----
Armour         | 1 2 |  2.3
Invocations    | 1 |  1.9
Fighting       | 3 |  3.8
Axes           | 3 |  3.3
Dodging        | 3 |  3.3
Evocations     | 1 |  1.3
Throwing       | |  1.7

Action                     |  1- 3 |  4- 6 || total
---------------------------+-------+-------++-------
  Melee: War axe           |    82 |    86 ||   168
         Punch             |     1 |     1 ||     2
  Throw: Throwing net      |       |     1 ||     1
    Use: Scroll            |       |     8 ||     8
         Potion            |       |     3 ||     3
 Armour: Leather armour    |    30 |       ||    30
         Ring mail         |    35 |    70 ||   105
  Dodge: Dodged            |    74 |    54 ||   128

Table legend: (Time is in decaauts)
 A = Elapsed time spent in this place.
 B = Non-inter-level travel time spent in this place.
 C = Inter-level travel time spent in this place.
 D = Time resting spent in this place.
 E = Time spent auto-exploring this place.
 F = Levels seen in this place.
 G = Mean time per level.
                   A        B        C        D        E       F      G
               +--------+--------+--------+--------+--------+-----+--------+
         Total |   2211 |   2158 |     53 |     38 |   1573 |   4 |  552.8 |
       Dungeon |   2211 |   2158 |     53 |     38 |   1573 |   4 |  552.8 |
               +--------+--------+--------+--------+--------+-----+--------+

Top non-repeatable levels by time:
     D:1: 864 daAuts
     D:2: 702 daAuts
     D:3: 574 daAuts
     D:4: 70 daAuts
